 Dungeon Crawl Stone Soup version 0.19.4-8-ga85b6b9 (webtiles) character file.

291 Jerry the Chopper (level 6, 0/53 HPs)
             Began as a Minotaur Gladiator on Feb 10, 2017.
             Slain by an orc priest (3 damage)
             ... on level 3 of the Dungeon.
             The game lasted 00:04:34 (2785 turns).

Jerry the Chopper (Minotaur Gladiator)              Turns: 2785, Time: 00:04:35

Health: 0/53       AC:  9    Str: 19    XL:     6   Next: 10%
Magic:  5/5        EV:  8    Int:  7    God:
Gold:   79         SH:  0    Dex: 11    Spells: 0 memorised, 5 levels left

rFire  . . .     SeeInvis .     a - +0 war axe
rCold  . . .     Gourm    .     m - +0 chain mail
rNeg   . . .     Faith    .     (no shield)
rPois  .         Spirit   .     c - +0 hat
rElec  .         Reflect  .     (no cloak)
rCorr  .         Harm     .     (no gloves)
MR     .....                    (no boots)
Stlth  ..........               (no amulet)
                                (no ring)
                                (no ring)

@: no status effects
A: retaliatory headbutt, horns 2
a: no special abilities


You were on level 3 of the Dungeon.
You were not hungry.

You visited 1 branch of the dungeon, and saw 3 of its levels.

You collected 79 gold pieces.

Inventory:

Hand Weapons
 a - a +0 war axe (weapon)
Missiles
 d - 3 throwing nets (quivered)
Armour
 c - a +0 hat (worn)
 m - a +0 chain mail (worn)
Wands
 u - a wand of random effects (24/48)
Scrolls
 b - 2 scrolls of remove curse {unknown}
 g - 2 scrolls of fog {unknown}
 i - a scroll of blinking {unknown}
 j - a scroll of enchant weapon {unknown}
 k - 8 scrolls of identify {unknown}
 t - a scroll of magic mapping {unknown}
Potions
 e - a potion of berserk rage {unknown}
 h - 3 potions of lignification {unknown}
 l - a potion of curing {unknown}
 n - 2 potions of brilliance {unknown}
 o - a potion of haste {unknown}
 p - a potion of might {unknown}
 q - a potion of degeneration {unknown}
Comestibles
 f - 2 bread rations
 r - a slice of pizza
 s - 3 chunks of flesh


   Skills:
 + Level 4.5 Fighting
 * Level 6.3 Axes
 - Level 2.0 Throwing
 + Level 3.2 Armour
 - Level 3.2 Dodging


You had 5 spell levels left.
You didn't know any spells.

Dungeon Overview and Level Annotations

Branches:
Dungeon (3/15)

Altars:


Innate Abilities, Weirdness & Mutations

You reflexively headbutt those who attack you in melee.
You have a pair of horns on your head.


Message History

The kobold hits you but does no damage. The orc barely misses you.
You slash the orc!
You kill the orc!
You hit the orc priest but do no damage.
You completely miss the kobold. You completely miss the orc.
You barely miss the orc. The orc hits you with a mace.
The orc priest calls down the wrath of Beogh upon you.
Beogh smites you!
* * * LOW HITPOINT WARNING * * *
The orc barely misses you. The kobold barely misses you.
The orc priest hits you but does no damage.
The orc hits you with a mace.
* * * LOW HITPOINT WARNING * * *
The orc hits you but does no damage. x2
Items here: ( ) †† a short sword; 19 stones; an orc corpse; a kobold corpse The orc hits you with a hand axe.
* * * LOW HITPOINT WARNING * * *
The orc hits you but does no damage. The orc priest hits you.
You die...

#...........#.......###
#####...######......#
#...# ###.#.## #...#
#.#.# #...# #...# ##.##
#.### #.# #.######
#########.# #.......
#.....(.#@#######
####.##.
#.....(.oo......# #.##.
#...?†((o######.# #.###
#.....()...# #.###
#.....((.##.... #....
................. .....
................. .....
..≈≈.≈.≈.....≈≈≈. .≈.≈≈
≈≈≈≈≈≈≈≈.....≈≈≈≈ ≈≈≈≈≈


You could see an orc priest and 2 orcs.

Vanquished Creatures
  The ghost of Jerry the Chopper, an amateur VSFi (D:3)
  4 gnolls
  An adder (D:2)
  3 worms
  2 dart slugs
  8 leopard geckos
  An orc (D:3)
  2 giant cockroaches
  6 hobgoblins
  2 jackals (D:3)
  3 quokkas
  A ball python (D:2)
  6 bats
  3 frilled lizards
  9 goblins
  9 kobolds
  8 rats
69 creatures vanquished.

Vanquished Creatures (others)
  A jackal (D:3)
1 creature vanquished.

Grand Total: 70 creatures vanquished

Notes
Turn   | Place    | Note
-------+----------+-------------------------------------------
     0 | D:1      | Jerry the Minotaur Gladiator began the quest for the Orb.
     0 | D:1      | Reached XP level 1. HP: 18/18 MP: 0/0
   178 | D:1      | Reached XP level 2. HP: 25/25 MP: 1/1
   195 | D:1      | Reached skill level 4 in Axes
   437 | D:1      | Reached skill level 1 in Armour
   794 | D:2      | Reached XP level 3. HP: 31/31 MP: 2/2
  1308 | D:1      | Reached XP level 4. HP: 13/38 MP: 3/3
  1524 | D:1      | Reached skill level 5 in Axes
  2529 | D:3      | Noticed Jerry's ghost (amateur VSFi)
  2541 | D:3      | Killed Jerry's ghost
  2541 | D:3      | Reached skill level 6 in Axes
  2541 | D:3      | Reached XP level 5. HP: 18/47 MP: 4/4
  2541 | D:3      | Reached XP level 6. HP: 20/53 MP: 5/5
  2783 | D:3      | HP: 2/53 [orc/hand axe (2)]
  2785 | D:3      | Slain by an orc priest

Skill      XL: |  1  2  3  4 |
---------------+-------------+-----
Axes           | 4 6 |  6.3
Armour         | 1 2 3 |  3.2
Fighting       | 3 4 |  4.5
Throwing       | |  2.0
Dodging        | |  3.2

Action                   |  1- 3 |  4- 6 || total
-------------------------+-------+-------++-------
Melee: War axe           |    86 |    63 ||   149
       Headbutt          |    10 |    11 ||    21
  Eat: Chunk             |     1 |     5 ||     6
Armor: Leather armour    |    10 |       ||    10
       Chain mail        |    36 |    55 ||    91
Dodge: Dodged            |    42 |    41 ||    83
